 Dungeon Crawl Stone Soup version 0.30-b1-2-g02819fbbbe (webtiles) character file.

Game seed: 2955408573907103482

93 Alarkh the Insei (level 4, 35/35 HPs)
             Began as a Demonspawn Chaos Knight on May 21, 2023.
             Was a Plaything of Xom.
             Got out of the dungeon alive.
             The game lasted 00:02:36 (2466 turns).

Alarkh the Insei (Demonspawn Chaos Knight)          Turns: 2466, Time: 00:02:36

Health: 35/35      AC:  7    Str: 12    XL:     4   Next: 37%
Magic:  4/4        EV: 11    Int: 16    God:    Xom [.*....]
Gold:   195        SH:  3    Dex: 12    Spells: 3/3 levels left

rFire   . .          .
                       - Unarmed
rCold   . . .        f - +0 buckler
rNeg    . . .        a - +2 leather armour
rPois   .            (no helmet)
rElec   .            (no cloak)
rCorr   .            l - +1 pair of gloves
SInv    .            (no boots)
Will    .....        (no amulet)
Stlth   +            (no ring)
HPRegen 0.25/turn    (no ring)
MPRegen 0.09/turn

%: no passive effects
@: no status effects
A: demonic guardian 1, weakness stinger 1
a: Renounce Religion


You escaped.
You worshipped Xom.
You were a plaything of Xom.
You visited 1 branch of the dungeon, and saw 3 of its levels.

You collected 195 gold pieces.

Inventory:

Armour
 a - a +2 leather armour (worn)
 f - a +0 buckler (worn)
 l - a +1 pair of gloves (worn)
Scrolls
 c - a scroll of silence {unknown}
 d - 3 scrolls of teleportation
 e - a scroll of enchant weapon {unknown}
 i - a scroll of brand weapon {unknown}
 k - a scroll of magic mapping {unknown}
 o - a scroll of enchant armour {unknown}
 r - a scroll of identify
Potions
 g - a potion of invisibility {unknown}
 h - a potion of resistance
 j - a potion of attraction {unknown}
 m - a potion of magic {unknown}
 n - 2 potions of curing {unknown}
 p - 2 potions of heal wounds {unknown}
 q - a potion of mutation {unknown}
Miscellaneous
 b - a piece from Xom's chessboard (13/15) (quivered)


   Skills:
 + Level 3.5 Fighting
 - Level 1.7 Armour
 + Level 1.9 Dodging
 + Level 0.6 Shields
 * Level 3.8 Unarmed Combat


You had 3 spell levels left.
You didn't know any spells.
Your spell library contained the following spells:

 Spells                   Type           Power      Damage    Failure   Level
 Apportation              Tloc           0%         N/A       43%         1
 Necrotise                Necr           0%         1d4       43%         1
 Summon Small Mammal      Summ           0%         N/A       43%         1
 Blink                    Tloc           0%         N/A       56%         2
 Iskenderun's Mystic Bla  Conj/Tloc      0%         2d3       99%         4
 Passage of Golubria      Tloc           0%         N/A       99%         4
 Silence                  Hex/Air        0%         N/A       100%        5


Dungeon Overview and Level Annotations

Branches:
Dungeon (3/15)

Altars:


Innate Abilities, Weirdness & Mutations

A weak demonic guardian rushes to your aid.
You have a small tail.


Message History

The helpless orc priest fails to defend itself.
You hit the orc priest but do no damage.
The orc priest is almost dead.
The orc priest is no longer petrified.
The orc priest invokes the aid of Beogh against you.
Beogh smites you!
You hit the orc priest but do no damage.
The orc priest is almost dead.
The orc priest mumbles some strange prayers to Beogh against you.
Pain shoots through your body!
You are too injured to fight recklessly!
You are too injured to fight recklessly!
You hit the orc priest but do no damage.
You tail-slap the orc priest, but do no damage.
The orc priest is almost dead.
The orc priest misses you. You block the orc priest's attack.
You hit the orc priest.
You kill the orc priest!
You have reached level 4!
You feel clever.
Your demonic ancestry asserts itself...
You feel the presence of a demonic guardian.
HP restored.
You now have 195 gold pieces (gained 10).
Found a stone staircase leading down.
(D) Dungeon
Where to? (Enter - D:3, ? - help)
There is a stone staircase leading up here.
You climb upwards.
There is a stone staircase leading down, spattered with blood here.
There is a stone staircase leading up here.
You climb upwards.
There is a stone staircase leading down here.
Unknown command.
Unknown command.
You see here a +0 scale mail.
You see here 3 datura-tipped darts.
There is an open gate here.
There is a staircase leading out of the dungeon here.
Are you sure you want to leave the Dungeon?
This will make you lose the game!
You have escaped!

.# #.##...# #####.#### .#
#.##'''## #.# .## ###8...8## #.#
# ..#### ##.......## #########
.....#♣#####.........#####♣#..##.
...#.#♣.......8...8.......♣#..###
.#.#.#♣♣.................♣♣#..###
.....# ♣................♣♣ #.....
##.### ♣♣♣♣♣..8.@.8(...♣♣ ######
#.### ♣♣♣.......♣♣♣ #...#
♣♣♣.♣♣♣♣♣ ##### ♣♣♣


There were no monsters in sight!

Vanquished Creatures
  An orc priest (D:3)
  A river rat (D:3)
  A dart slug (D:1)
  2 orcs (D:2)
  4 bats
  8 endoplasms
  3 giant cockroaches
  7 goblins
  5 hobgoblins
  2 kobolds (D:2)
  5 ball pythons
  2 frilled lizards
  6 rats
47 creatures vanquished.

Vanquished Creatures (collateral kills)
  A bat (D:3)
1 creature vanquished.

Grand Total: 48 creatures vanquished

Notes
Turn   | Place    | Note
-------+----------+-------------------------------------------
     0 | D:1      | Alarkh the Demonspawn Chaos Knight began the quest for the
                  | Orb.
     0 | D:1      | Reached XP level 1. HP: 18/18 MP: 1/1
    25 | D:1      | XOM: divination: detect items
    72 | D:1      | XOM: smoke on damage
    75 | D:1      | Reached skill level 1 in Dodging
   175 | D:1      | XOM: divination: detect items
   185 | D:1      | Gained mutation: You have a small tail. [demonic ancestry]
   185 | D:1      | Reached XP level 2. HP: 24/24 MP: 2/2
   361 | D:1      | XOM: cloud trail
   435 | D:1      | XOM: silly message
   631 | D:1      | XOM: silly message
   891 | D:1      | XOM: cloud trail
   950 | D:1      | XOM: silly message
  1078 | D:2      | Reached XP level 3. HP: 29/29 MP: 3/3
  1404 | D:2      | XOM: silly message
  1842 | D:3      | XOM: god gift: Xom's Codex of Anaesthesia {god gift}
  1843 | D:3      | Got Xom's Codex of Anaesthesia {god gift}
  1900 | D:3      | XOM: polymorph endoplasm -> river rat
  2042 | D:3      | XOM: noise
  2053 | D:3      | XOM: summons 3 friendly demons
  2067 | D:2      | XOM: torment (6/29 hp)
  2242 | D:3      | Gained mutation: A weak demonic guardian rushes to your
                  | aid. [demonic ancestry]
  2242 | D:3      | Reached XP level 4. HP: 13/35 MP: 4/4
  2466 | D:$      | Got out of the dungeon alive.

Illustrated notes

Levels and vault maps discovered:
D:1:      kennysheep_arrival_forest, layout_loops_corners
D:2:      layout_rooms, kennysheep_generic_room_3
D:3:      layout_loops_ring, nicolae_nh_oracle_at_delphi

Skill      XL: |  1 |
---------------+----+-----
Dodging        | 1 |  1.9
Unarmed Combat | 3 |  3.8
Fighting       | |  3.5
Armour         | |  1.7
Shields        | |  0.6

Action                     |  1- 3 |  4- 6 || total
---------------------------+-------+-------++-------
  Melee: Unarmed           |   193 |       ||   193
         Tailslap          |    22 |       ||    22
         Punch             |     1 |       ||     1
  Evoke: Piece from Xom's  |     2 |       ||     2
    Use: Scroll            |     2 |       ||     2
         Potion            |     1 |       ||     1
   Stab: Sleeping          |     1 |       ||     1
         Petrified         |    13 |       ||    13
 Armour: Leather armour    |    84 |       ||    84
  Dodge: Dodged            |   107 |       ||   107
  Block: Buckler           |    11 |       ||    11
